 Dungeon Crawl Stone Soup version 0.20-a0-351-gc9b4002 (webtiles) character file.

123 Duffy the Magician (level 4, -2/24 HPs)
             Began as a Deep Elf Fire Elementalist on Dec 26, 2016.
             Slain by an orc
             ... wielding a +0 war axe
              (4 damage)
             ... on level 3 of the Dungeon.
             The game lasted 00:02:52 (2680 turns).

Duffy the Magician (Deep Elf Fire Elementalist)     Turns: 2680, Time: 00:02:53

Health: -2/24      AC:  2    Str:  5    XL:     4   Next: 79%
Magic:  0/12       EV: 13    Int: 21    God:
Gold:   141        SH:  0    Dex: 15    Spells: 7/11 levels left

rFire  + . .     SeeInvis .     q - +0 quarterstaff
rCold  . . .     Gourm    .     a - +0 robe
rNeg   . . .     Faith    .     (shield currently unavailable)
rPois  .         Spirit   +     (no helmet)
rElec  .         Reflect  .     (no cloak)
rCorr  +         Harm     .     (no gloves)
MR     .....                    (no boots)
Stlth  ++........               u - amulet of guardian spirit
                                f - ring of protection from fire
                                p - ring of resist corrosion

@: very slightly contaminated
A: no striking features
a: no special abilities


You were on level 3 of the Dungeon.
You were not hungry.

You visited 1 branch of the dungeon, and saw 3 of its levels.

You collected 141 gold pieces.

Inventory:

Hand Weapons
 q - a +0 quarterstaff (weapon)
Armour
 a - a +0 robe (worn)
Jewellery
 f - a ring of protection from fire (right hand)
 p - a ring of resist corrosion (left hand)
 t - an uncursed ring of teleportation
 u - an amulet of guardian spirit (around neck)
Scrolls
 d - a scroll of recharging {unknown}
 e - 2 scrolls of remove curse
 g - 3 scrolls of teleportation {unknown}
 l - a scroll of immolation {unknown}
 m - a scroll of identify {unknown}
 s - a scroll of fog {unknown}
Potions
 j - a potion of haste {unknown}
 k - a potion of resistance {unknown}
 n - a potion of lignification {unknown}
 o - 2 potions of heal wounds {unknown}
 r - a potion of brilliance {unknown}
Books
 b - a book of Flames

   Spells                             Type                      Level
   a - Flame Tongue                   Conjuration/Fire             1
   b - Throw Flame                    Conjuration/Fire             2
   c - Conjure Flame                  Conjuration/Fire             3
   d - Inner Flame                    Hexes/Fire                   3
   e - Sticky Flame                   Conjuration/Fire             4
   f - Fireball                       Conjuration/Fire             5
Comestibles
 c - a bread ration
 h - 5 chunks of flesh
 i - a royal jelly


   Skills:
 - Level 2.4 Dodging
 - Level 2.4 Stealth
 + Level 4.4 Spellcasting
 + Level 3.2 Conjurations
 + Level 4.3 Fire Magic


You had 7 spell levels left.
You knew the following spells:

 Your Spells              Type           Power        Failure   Level  Hunger
a - Flame Tongue          Conj/Fire      ###..        2%          1    None
l - Conjure Flame         Conj/Fire      ###.....     10%         3    ##.....


Dungeon Overview and Level Annotations

Branches:
Dungeon (3/15)

Altars:
Cheibriados
Elyvilon
Trog
Uskayaw


Message History

2 orcs come into view.
Cast which spell? (? or * to list)
Aiming: Flame Tongue
Press: ? - help, Shift-Dir - straight line, f/p - orc wizard
Aim: an orc wizard, wielding a dagger of electrocution and wearing a robe (almost dead)
You miscast Flame Tongue.
You are very lightly contaminated with residual magic.
Sparks fly from your hands!
The orc shouts!
The orc wizard hits you with a dagger of electrocution.
You are electrocuted!
Ouch! That really hurt!
Cast which spell? (? or * to list)
Aiming: Flame Tongue
Press: ? - help, Shift-Dir - straight line, f/p - orc wizard
Aim: an orc wizard, wielding a dagger of electrocution and wearing a robe (almost dead)
The flame tongue hits the orc wizard.
You kill the orc wizard!
The orc hits you with a war axe.
You die...

.....#.#.# .....#.#.##.#
..# #...##.#.##.# ...
#...##.#.##.# .o .
+........##.# #+#o# ..
#...##.####.####.#.###...
.#####.# #..............
..# #.# #.....)o.......
.#####'####.....@........
##...............).......
##........##.............
..........##.............
..........##.............
............?............
.........................
............######.......
.(........... .......


You could see 3 orcs.

Vanquished Creatures
  An orc wizard (D:3)
  2 adders (D:2)
  3 worms
  3 leopard geckos
  A ball python (D:2)
  4 giant cockroaches
  9 goblins
  22 hobgoblins
  2 kobolds (D:1)
  A quokka (D:3)
  6 bats
  A frilled lizard (D:2)
  5 rats
60 creatures vanquished.

Notes
Turn   | Place    | Note
-------+----------+-------------------------------------------
     0 | D:1      | Duffy the Deep Elf Fire Elementalist began the quest for the Orb.
     0 | D:1      | Reached XP level 1. HP: 10/10 MP: 6/6
   198 | D:1      | Reached XP level 2. HP: 13/15 MP: 4/8
   804 | D:2      | Reached skill level 2 in Conjurations
   878 | D:2      | Reached XP level 3. HP: 13/19 MP: 0/10
  1508 | D:2      | Reached skill level 4 in Fire Magic
  1597 | D:2      | Learned a level 3 spell: Conjure Flame
  1860 | D:2      | Reached skill level 4 in Spellcasting
  1860 | D:2      | Reached XP level 4. HP: 21/24 MP: 9/12
  2135 | D:2      | Found a white marble altar of Elyvilon.
  2158 | D:2      | Found a hide-covered altar of Uskayaw.
  2160 | D:2      | Found a bloodstained altar of Trog.
  2299 | D:2      | Found a snail-covered altar of Cheibriados.
  2675 | D:3      | Reached skill level 3 in Conjurations
  2680 | D:3      | Slain by an orc

Vault maps used:
D:1:      dpeg_arrival_radiant
D:2:      cheibrodos_greedy_goblins, lemuel_doored_altar,
          nicolae_overflow_hidden_temple

Skill      XL: |  1  2  3  4 |
---------------+-------------+-----
Conjurations   | 2 3 |  3.2
Fire Magic     | 4 |  4.3
Spellcasting   | 4 |  4.4
Dodging        | |  2.4
Stealth        | |  2.4

Action                   |  1- 3 |  4- 6 || total
-------------------------+-------+-------++-------
Melee: Unarmed           |     2 |       ||     2
       Quarterstaff      |       |     1 ||     1
 Cast: Flame Tongue      |    71 |    31 ||   102
  Use: Scroll            |       |     1 ||     1
  Eat: Chunk             |     3 |     2 ||     5
Armor: Robe              |     3 |     2 ||     5
Dodge: Dodged            |    24 |     6 ||    30
